 Dungeon Crawl Stone Soup version 0.21.1-1-g345015f (webtiles) character file.

3332 microfolk the Transmogrifier (level 9, -3/75 HPs)
             Began as a Pale Draconian Transmuter on May 21, 2018.
             Was a Follower of Nemelex Xobeh.
             Hit by a large rock thrown by a cyclops (23 damage)
             ... on level 8 of the Dungeon.
             The game lasted 00:26:35 (11606 turns).

microfolk the Transmogrifier (DrTm)                Turns: 11606, Time: 00:26:35

Health: -3/75      AC:  7    Str: 13    XL:     9   Next: 71%
Magic:  7/12       EV: 13    Int: 16    God:    Nemelex Xobeh [*.....]
Gold:   581        SH:  0    Dex: 12    Spells: 6/12 levels left

rFire    . . .     SeeInvis .     - Unarmed
rCold    . . .     Gourm    .   (no shield)
rNeg     . . .     Faith    .   (armour unavailable)
rPois    .         Spirit   .   (helmet restricted)
rElec    .         Reflect  .   (no cloak)
rCorr    .         Harm     .   (no gloves)
MR       .....                  (no boots)
Stlth    +.........             (no amulet)
HPRegen  0.22/turn              (no ring)
MPRegen  0.13/turn              (no ring)

@: no status effects
A: breathe steam, unfitting armour, cold-blooded, AC +7
a: Breathe Steam, Renounce Religion


You were on level 8 of the Dungeon.
You worshipped Nemelex Xobeh.
Nemelex Xobeh was aware of your devotion.
You were not hungry.

You visited 2 branches of the dungeon, and saw 9 of its levels.
You also visited: Ossuary.

You collected 581 gold pieces.

Inventory:

Hand Weapons
 I - a +1 hunting sling
Missiles
 a - 85 arrows
 j - 229 stones (quivered)
 J - 31 sling bullets
Wands
 A - a wand of disintegration (25)
 B - a wand of acid (8)
 C - a wand of enslavement (12)
 E - a wand of iceblast (14)
Scrolls
 f - a scroll of enchant weapon
 g - 2 scrolls of remove curse {@r2}
 i - 3 scrolls of fear
 k - 2 scrolls of amnesia
 l - a scroll of immolation
 v - a scroll of noise
 w - a scroll of enchant armour {unknown}
 y - a scroll of magic mapping {unknown}
 G - a scroll of teleportation
Potions
 d - 2 potions of flight
 e - a potion of berserk rage
 h - a potion of might
 m - 2 potions of cancellation
 n - 6 potions of curing {@q1}
 q - a potion of heal wounds {unknown}
 s - a potion of lignification
 t - a potion of agility
 x - 2 potions of mutation
 z - 3 potions of haste
 D - a potion of resistance
Books
 b - a book of Changes

   Spells                             Type                      Level
   a - Beastly Appendage              Transmutation                1
   b - Sticks to Snakes               Transmutation                2
   c - Spider Form                    Transmutation/Poison         3
   d - Ice Form                       Ice/Transmutation            4
   e - Blade Hands                    Transmutation                5
 o - a book of Geomancy

   Spells                             Type                      Level
   a - Sandblast                      Earth                        1
   b - Passwall                       Transmutation/Earth          2
   c - Stone Arrow                    Conjuration/Earth            3
   d - Petrify                        Transmutation/Earth          4
   e - Lee's Rapid Deconstruction     Earth                        5
 u - a book of the Sky

   Spells                             Type                      Level
   a - Summon Lightning Spire         Summoning/Air                4
   b - Silence                        Hexes/Air                    5
   c - Deflect Missiles               Charms/Air                   6
   d - Conjure Ball Lightning         Conjuration/Air              6
   e - Tornado                        Air                          9
Miscellaneous
 p - a plain deck of summoning {drawn: 4}
 F - a plain deck of summoning
 H - a plain deck of destruction
Comestibles
 c - 8 rations


   Skills:
 - Level 6.0 Fighting
 - Level 4.0 Dodging
 + Level 7.5 Unarmed Combat
 - Level 2.0 Spellcasting
 * Level 10.0 Transmutations


You had 6 spell levels left.
You knew the following spells:

 Your Spells              Type           Power        Failure   Level  Hunger
a - Beastly Appendage     Tmut           ####..       1%          1    #......
b - Sticks to Snakes      Tmut           ####....     1%          2    ###....
c - Spider Form           Tmut/Pois      ###.......   8%          3    ###....


Dungeon Overview and Level Annotations

Branches:
Dungeon (8/15)             Temple (1/1) D:5
   Lair: D:8-11

Altars:
Ashenzari
Cheibriados
Dithmenos
Elyvilon
Fedhas
Gozag
Hepliaklqana
Kikubaaqudgha
Makhleb
Nemelex Xobeh
Okawaru
Qazlal
Ru
Sif Muna
Trog
Uskayaw
Vehumet
Wu Jian
Xom
Yredelemnul
Zin
The Shining One
Beogh

Shops:
D:6 (*

Annotations:
D:2 2 transporters
D:3 asishallab's ghost, amateur TrMo


Innate Abilities, Weirdness & Mutations

You can breathe blasts of scalding, opaque steam.
Your pale cyan-grey scales are hard. (AC +7)
You cannot fit into any form of body armour.
You are cold-blooded and may be slowed by cold attacks.


Message History

The large rock hits you!
* * * LOW HITPOINT WARNING * * *
You see here a large rock.
What are your orders? t - Shout!
Orders for allies: a - Attack new target. r - Retreat! s - Stop attacking. g - Guard the area. f - Follow me.
Anything else - Cancel.
Gang up on whom?
Press: ? - help, Dir - move target cursor, f - cyclops
Aim: a cyclops Attack!
Evoke which item? (* to show all) (? for menu, Esc to quit)
You draw a card...
It is the Rangers.
The cyclops throws a large rock.
The large rock misses your adder.
The large rock barely misses your ball python.
The large rock hits you!!
You die...
Your body disappears without a glow.

....## ##.....# ...##
##......## ..##
##.....C..# ###
##.........##
##.........#(#
#.......v.lS.## ##
##.........S.#.#
.###...........SS.#
..#......>.....c@#.S.....
.................#h......
......##........c#.##....
.....###.........#.# ...
...### ############# ##
..## ### #


You could see a cyclops, a friendly basilisk, a friendly fire vortex, 2 friendly
centaurs, a friendly adder and 3 friendly ball pythons.

Vanquished Creatures
  Prince Ribbit (D:6)
  3 orc warriors (D:8)
  2 phantoms
  A sky beast (D:5)
  2 centaurs
  An elf zombie (Ossuary)
  2 bullfrogs
  3 scorpions
  3 killer bees (D:7)
  5 wights (D:7)
  2 centaur zombies (Ossuary)
  2 crimson imps
  2 jellies
  4 hounds
  3 orc wizards
  5 orc priests
  2 centaur skeletons
  A human zombie (Ossuary)
  2 iguanas
  8 worker ants
  A hound zombie (Ossuary)
  3 mummies (Ossuary)
  A worker ant zombie (D:7)
  Robin (D:3)
  9 adders
  2 shadow imps (D:6)
  An ooze (D:2)
  4 worms
  3 adder zombies
  5 dart slugs
  4 leopard geckos
  30 orcs
  5 giant cockroaches
  2 gnoll zombies (Ossuary)
  11 goblins
  3 hobgoblins
  5 jackals
  4 quokkas
  A ball python (D:7)
  11 bats
  3 frilled lizards
  4 goblin zombies (Ossuary)
  3 hobgoblin zombies (Ossuary)
  A jackal skeleton (D:5)
  4 jackal zombies (Ossuary)
  6 kobolds
  4 kobold zombies (Ossuary)
  2 orc zombies (Ossuary)
  A quokka skeleton (D:5)
  4 quokka zombies (Ossuary)
  4 rats
  5 rat zombies (Ossuary)
201 creatures vanquished.

Vanquished Creatures (collateral kills)
  Psyche (D:8)
  Joseph (D:8)
  An ogre (D:7)
  An elf zombie (Ossuary)
  A bullfrog (D:8)
  A wyvern skeleton (D:7)
  A killer bee (D:7)
  2 adders (D:2)
  2 orcs (D:8)
  A quokka (D:8)
12 creatures vanquished.

Grand Total: 213 creatures vanquished

Notes
Turn   | Place    | Note
-------+----------+-------------------------------------------
     0 | D:1      | microfolk the Draconian Transmuter began the quest for the Orb.
     0 | D:1      | Reached XP level 1. HP: 16/16 MP: 3/3
   140 | D:1      | Reached XP level 2. HP: 23/23 MP: 5/5
   145 | D:1      | Learned a level 2 spell: Sticks to Snakes
   722 | D:2      | Found an ornate altar of the Wu Jian Council.
   723 | D:2      | Noticed an ice beast
   729 | D:2      | Found a transporter.
   729 | D:2      | Noticed an ice beast
   927 | D:2      | Found a transporter.
   985 | D:2      | Found a hazy altar of Hepliaklqana.
   993 | D:2      | Reached skill level 3 in Transmutations
   993 | D:2      | Reached XP level 3. HP: 29/29 MP: 0/6
  1115 | D:2      | Learned a level 3 spell: Spider Form
  1279 | D:2      | Found a glowing silver altar of Zin.
  1280 | D:2      | Found a shadowy altar of Dithmenos.
  1281 | D:2      | Found a burning altar of Makhleb.
  1281 | D:2      | Found an ancient bone altar of Kikubaaqudgha.
  1282 | D:2      | Found a bloodstained altar of Trog.
  1283 | D:2      | Found an opulent altar of Gozag.
  1285 | D:2      | Found a shimmering altar of Xom.
  1853 | D:2      | Reached XP level 4. HP: 25/36 MP: 1/7
  2966 | D:4      | Found a sand-covered staircase.
  2971 | Ossuary  | Entered an ossuary
  3153 | Ossuary  | Reached skill level 4 in Transmutations
  3153 | Ossuary  | Reached XP level 5. HP: 21/45 MP: 4/8
  3513 | Ossuary  | Reached XP level 6. HP: 13/51 MP: 0/9
  4031 | Ossuary  | Reached skill level 5 in Transmutations
  4698 | D:3      | Noticed Robin
  4802 | D:3      | Killed Robin
  5046 | D:3      | Noticed asishallab's ghost (amateur TrMo)
  5587 | D:4      | Your scales start taking on a pale cyan-grey colour.
  5587 | D:4      | Reached XP level 7. HP: 57/59 MP: 5/10
  6033 | D:5      | Entered Level 5 of the Dungeon
  6054 | D:5      | Reached skill level 6 in Transmutations
  6179 | D:4      | Reached skill level 5 in Unarmed Combat
  6475 | D:5      | Reached skill level 5 in Fighting
  6825 | D:5      | Reached XP level 8. HP: 63/68 MP: 8/11
  6839 | D:5      | Reached skill level 7 in Transmutations
  6889 | D:5      | Found a staircase to the Ecumenical Temple.
  6895 | Temple   | Entered the Ecumenical Temple
  6953 | Temple   | Became a worshipper of Nemelex Xobeh the Trickster
  7072 | D:5      | Received a gift from Nemelex Xobeh
  7733 | D:6      | Noticed Prince Ribbit
  7994 | D:6      | Killed Prince Ribbit
  7994 | D:6      | Reached skill level 8 in Transmutations
  8185 | D:6      | Found Zougot's Weapon Shop.
  8219 | D:6      | Found Cukimm's Assorted Antiques.
  8260 | D:6      | Received a gift from Nemelex Xobeh
  9340 | D:7      | Reached XP level 9. HP: 52/75 MP: 12/12
  9612 | D:7      | Found a snail-covered altar of Cheibriados.
  9783 | D:7      | Reached skill level 9 in Transmutations
 10405 | D:7      | Reached * piety under Nemelex Xobeh
 10584 | D:8      | Received a gift from Nemelex Xobeh
 10614 | D:8      | Noticed Joseph
 10633 | D:8      | Killed Joseph
 10653 | D:8      | Noticed Psyche
 10659 | D:8      | Killed Psyche
 11191 | D:8      | Found a roughly hewn altar of Beogh.
 11411 | D:8      | Reached skill level 10 in Transmutations
 11458 | D:8      | Noticed a cyclops
 11606 | D:8      | Hit by a large rock thrown by a cyclops

Skill      XL: |  1  2  3  4  5  6  7  8  9 |
---------------+----------------------------+-----
Transmutations | 3 4 5 6 8 10 | 10.0
Fighting       | 2 3 4 5 6 |  6.0
Unarmed Combat | 4 5 6 7 |  7.5
Dodging        | 2 4 |  4.0
Spellcasting   | |  2.0

Action                   |  1- 3 |  4- 6 |  7- 9 || total
-------------------------+-------+-------+-------++-------
Melee: Unarmed           |   114 |   312 |   308 ||   734
       Kick              |     7 |     5 |     2 ||    14
       Tailslap          |     9 |    25 |    16 ||    50
       Headbutt          |     2 |     8 |       ||    10
       Punch             |     1 |     4 |     5 ||    10
Throw: Stone             |     2 |       |     4 ||     6
 Cast: Beastly Appendage |    18 |     7 |     1 ||    26
       Sticks to Snakes  |     3 |     5 |    21 ||    29
       Spider Form       |     2 |    22 |    39 ||    63
 Abil: End Transformatio |       |     1 |     6 ||     7
       Breathe Steam     |       |       |    17 ||    17
Evoke: Deck              |       |       |     4 ||     4
  Use: Scroll            |       |     8 |    15 ||    23
       Potion            |       |       |     1 ||     1
 Stab: Sleeping          |     1 |       |       ||     1
  Eat: Chunk             |     4 |     9 |    22 ||    35
       Ration            |       |     2 |     2 ||     4
Armor: Skin              |    37 |    42 |   112 ||   191
Dodge: Dodged            |    96 |   212 |   191 ||   499
